 Dungeon Crawl Stone Soup version 0.30-a0-365-ge7f957f1db (webtiles) character file.

Game seed: 8251652845570353479

781 Essalna the Conjurer (level 7, 0/44 HPs)
             Began as a Tengu Fire Elementalist on Nov 17, 2022.
             Was an Initiate of Vehumet.
             Slain by an unseen horror (5 damage)
             ... on level 6 of the Dungeon.
             The game lasted 00:09:00 (6047 turns).

Essalna the Conjurer (Tengu Fire Elementalist)      Turns: 6047, Time: 00:09:01

Health: 0/44       AC:  4    Str:  8    XL:     7   Next: 85%
Magic:  7/11       EV: 14    Int: 18    God:    Vehumet [......]
Gold:   223        SH:  0    Dex: 14    Spells: 3/10 levels left

rFire   + + .      SeeInvis .    e - staff of fire
rCold   + . .      Faith    .    (no shield)
rNeg    . . .      Spirit   .    a - +0 robe
rPois   +          Reflect  .    (helmet restricted)
rElec   +          Harm     .    i - +1 cloak
rCorr   +          Rampage  .    (no gloves)
Will    .....                    (boots unavailable)
Stlth   ++........               (no amulet)
HPRegen 0.27/turn                q - ring of poison resistance
MPRegen 0.12/turn                (no ring)

@: resistant, flying quickly and evasively, quick
A: beak, talons 3, nimble flight
a: Renounce Religion


You were on level 6 of the Dungeon.
You worshipped Vehumet.
Vehumet was noncommittal.
You visited 2 branches of the dungeon, and saw 7 of its levels.

You collected 223 gold pieces.

Inventory:

Armour
 a - a +0 robe (worn)
 i - a +1 cloak (worn)
Magical Staves
 e - a staff of fire (weapon)
Jewellery
 q - a ring of poison resistance (left hand)
Scrolls
 h - 3 scrolls of teleportation
 k - a scroll of poison
 l - a scroll of identify
 o - 2 scrolls of torment
Potions
 b - 2 potions of magic
 c - a potion of attraction {unknown}
 d - 2 potions of degeneration
 f - a potion of haste {unknown}
 g - a potion of heal wounds {unknown}
 j - a potion of resistance
 m - a potion of lignification {unknown}
 n - a potion of flight {unknown}
 p - a potion of brilliance {unknown}


   Skills:
 + Level 4.7 Fighting
 - Level 2.1 Dodging
 - Level 2.0 Stealth
 - Level 2.0 Spellcasting
 + Level 6.4 Conjurations
 + Level 6.2 Fire Magic


You had 3 spell levels left.
You knew the following spells:

 Your Spells              Type           Power      Damage    Failure   Level
a - Foxfire               Conj/Fire      100%       2x1d9     1%          1
b - Scorch                Fire           72%        2d9       1%          2
c - Flame Wave            Conj/Fire      37%        2d10      13%         4

Your spell library contained the following spells:

 Spells                   Type           Power      Damage    Failure   Level
 Dazzling Flash           Conj/Hex       26%        N/A       14%         3
 Inner Flame              Hex/Fire       19%        N/A       16%         3
 Necrotise                Necr           4%         1d4       19%         1
 Kindle Blastsparks       Fire/Tloc/Air  26%        2d12      22%         3
 Vampiric Draining        Necr           1%         2d6       47%         3
 Iskenderun's Mystic Bla  Conj/Tloc      13%        2d5       43%         4
 Lightning Bolt           Conj/Air       6%         1d18      80%         5
 Airstrike                Air            0%         2d(1-17)  87%         4
 Summon Lightning Spire   Summ/Air       1%         N/A       87%         4
 Starburst                Conj/Fire      18%        6d7       90%         6
 Agony                    Necr           1%         N/A       99%         5
 Summon Cactus Giant      Summ           0%         N/A       100%        6


Dungeon Overview and Level Annotations

Branches:
Dungeon (6/15)             Temple (1/1) D:5

Altars:
Ashenzari
Cheibriados
Dithmenos
Elyvilon
Fedhas
Gozag
Hepliaklqana
Kikubaaqudgha
Makhleb
Nemelex Xobeh
Okawaru
Qazlal
Sif Muna
Trog
Uskayaw
Vehumet
Wu Jian
Xom
Yredelemnul
Zin
The Shining One

Annotations:
D:4 1 runed translucent door, confidenceinterval's ghost, weakling GnAE


Innate Abilities, Weirdness & Mutations

You have a beak for a mouth.
You have claws for feet.
Your magical nature lets you fly swiftly and evasively.


Message History

You hover solemnly before the altar of Vehumet.
Vehumet welcomes you! Something barely misses you. Something hits you.
Deactivating autopickup; reactivate with Ctrl-A.
Something hits you! Something hits you. Something barely misses you.
Something hits you.
There is a strange disturbance nearby!
There is a strange disturbance nearby!
There is a strange disturbance nearby!
Casting: Foxfire (safe; 1% risk of failure)
Confirm with . or Enter, or press ? or * to list all spells.
You feel a surge of power!
You conjure some foxfire!
Something hits you! Something hits you.
Casting: Foxfire (safe; 1% risk of failure)
Confirm with . or Enter, or press ? or * to list all spells.
You feel a surge of power!
You conjure some foxfire!
The foxfire hits something but does no damage.
Something hits you.
* * * LOW HITPOINT WARNING * * *
Casting: Foxfire (safe; 1% risk of failure)
Confirm with . or Enter, or press ? or * to list all spells.
You feel a surge of power!
You conjure some foxfire!
The foxfire hits something but does no damage.
The foxfire hits something. x2; Something barely misses you.
Casting: Foxfire (safe; 1% risk of failure)
Confirm with . or Enter, or press ? or * to list all spells.
You feel a surge of power!
You conjure some foxfire!
The foxfire hits something.
Something hits you!
* * * LOW HITPOINT WARNING * * *
The foxfire hits something but does no damage. x2
Okay, then.
Unknown command.
Okay, then.
It was a potion of resistance.
You feel protected.
The foxfire hits something but does no damage.
Something hits you.
You die...

......# ##.......##
.########.........###.#
.# ......#.#......# .#
....#.....#...#.# ..
#.....#.#.....# .#
..#.......#..# .
#....#._.#..!.# .
#..#.......#..#
#.....#.#.@...#
....#....§#§..#
.#....#.#.§.......
##.........#.####
##..........#
############


There were no monsters in sight!

Vanquished Creatures
  A water moccasin (D:5)
  A phantom (D:5)
  6 killer bees (D:5)
  3 hounds
  2 jellies
  An iguana (D:5)
  A gnoll (D:2)
  7 adders
  2 worms
  3 dart slugs
  2 orcs
  6 bats
  8 endoplasms
  3 giant cockroaches
  6 goblins
  3 hobgoblins
  10 jackals
  4 quokkas
  6 ball pythons
  9 frilled lizards (D:1)
  7 kobolds
  2 rats (D:1)
93 creatures vanquished.

Vanquished Creatures (collateral kills)
  A foxfire (D:2)
1 creature vanquished.

Vanquished Creatures (others)
  357 foxfires
  6 plants (D:1)
363 creatures vanquished.

Grand Total: 457 creatures vanquished

Notes
Turn   | Place    | Note
-------+----------+-------------------------------------------
     0 | D:1      | Essalna the Tengu Fire Elementalist began the quest for the
                  | Orb.
     0 | D:1      | Reached XP level 1. HP: 10/10 MP: 4/4
   210 | D:1      | Found a faded altar of an unknown god.
   292 | D:1      | Reached XP level 2. HP: 16/16 MP: 3/6
   557 | D:1      | Reached skill level 1 in Fighting
   681 | D:1      | Reached XP level 3. HP: 4/20 MP: 0/7
  1540 | D:2      | Learned a level 2 spell: Scorch
  1555 | D:2      | Reached XP level 4. HP: 12/26 MP: 0/8
  2610 | D:3      | Found an ornate altar of the Wu Jian Council.
  2916 | D:4      | Gained mutation: Your magical nature lets you fly swiftly
                  | and evasively. [Tengu growth]
  2916 | D:4      | Reached XP level 5. HP: 31/31 MP: 3/9
  3039 | D:4      | Noticed confidenceinterval's ghost (weakling GnAE)
  3043 | D:4      | Found a runed translucent door.
  3186 | D:4      | Identified the +4 chain mail of Kuzosooc {Harm *Slow rCorr
                  | Slay-3}
  3891 | D:5      | Entered Level 5 of the Dungeon
  4070 | D:5      | Found a bloodstained altar of Trog.
  4299 | D:5      | Reached XP level 6. HP: 37/37 MP: 7/10
  4369 | D:5      | Reached skill level 5 in Fire Magic
  4491 | D:5      | Reached skill level 5 in Conjurations
  4496 | D:5      | Reached XP level 7. HP: 16/42 MP: 11/11
  4677 | D:5      | Learned a level 4 spell: Flame Wave
  4721 | D:5      | Found an opulent altar of Gozag.
  4817 | D:5      | Found a staircase to the Ecumenical Temple.
  4823 | Temple   | Entered the Ecumenical Temple
  6017 | D:6      | Identified the +2 pair of boots of Negation {*Corrode Fly
                  | rElec SInv}
  6029 | D:6      | Found a radiant altar of Vehumet.
  6035 | D:6      | Became a worshipper of Vehumet
  6047 | D:6      | Slain by an unseen horror

Illustrated notes

Levels and vault maps discovered:
D:1:      eino_arrival_water_cross, layout_basic, basic_ecumenical_altar,
          minmay_lizard_king
D:2:      layout_loops_ring, cheibrodos_gnoll_hut
D:3:      layout_basic, mainiacjoe_overflow_paths
D:4:      layout_basic, hellmonk_ghost_happy_afterlife
D:5:      layout_layer_cave, nicolae_gozag_seed_capital, old_standard_altar,
          minmay_temple_entry_ruins, saegor_snake_ambush
D:6:      minmay_goblin_kobold_castle, layout_loops_ring,
          nicolae_vehumet_radiance, minmay_manual_monstrance
Temple:   bh_familiar_temple

Skill      XL: |  1  2  3  4  5  6  7 |
---------------+----------------------+-----
Conjurations   | 2 3 4 5 6 |  6.4
Fighting       | 1 2 3 4 |  4.7
Fire Magic     | 4 5 6 |  6.2
Dodging        | |  2.1
Stealth        | |  2.0
Spellcasting   | |  2.0

Action                   |  1- 3 |  4- 6 |  7- 9 || total
-------------------------+-------+-------+-------++-------
Melee: Unarmed           |    25 |       |       ||    25
       Kick              |     7 |     2 |       ||     9
       Peck              |     3 |     1 |       ||     4
       Staff             |     2 |    12 |     1 ||    15
 Cast: Foxfire           |    54 |   138 |    20 ||   212
       Scorch            |     3 |       |     9 ||    12
  Use: Scroll            |     6 |     5 |       ||    11
       Potion            |       |     1 |     1 ||     2
Armor: Robe              |     6 |     6 |     1 ||    13
Dodge: Dodged            |    27 |    31 |     8 ||    66

Table legend: (Time is in decaauts)
 A = Elapsed time spent in this place.
 B = Non-inter-level travel time spent in this place.
 C = Inter-level travel time spent in this place.
 D = Time resting spent in this place.
 E = Time spent auto-exploring this place.
 F = Levels seen in this place.
 G = Mean time per level.
                   A        B        C        D        E       F      G
               +--------+--------+--------+--------+--------+-----+--------+
         Total |   5854 |   5705 |    149 |     77 |   5031 |   7 |  836.3 |
       Dungeon |   5675 |   5544 |    131 |     77 |   4873 |   6 |  945.8 |
        Temple |    179 |    161 |     18 |      0 |    158 |   1 |  179.0 |
               +--------+--------+--------+--------+--------+-----+--------+

Top non-repeatable levels by time:
     D:5: 1633 daAuts
     D:4: 1057 daAuts
     D:1: 994 daAuts
     D:3: 946 daAuts
     D:2: 925 daAuts
  Temple: 179 daAuts
     D:6: 117 daAuts
